 Dungeon Crawl Stone Soup version bcrawl-1.34.4 (webtiles) character file.

Game seed: 6615662995645244991

405787 KristoblXynda the Fighter (level 11, 0/104 HPs)
             Began as a Red Draconian Berserker on Oct 20, 2021.
             Was a High Priest of Trog.
             Drowned by a water elemental (5 damage)
             ... summoned by a deep elf mage
             ... in a bailey.
             The game lasted 00:17:01 (10512 turns).

KristoblXynda the Fighter (DrBe)                   Turns: 10512, Time: 00:17:02

Health: 0/104      AC: 17    Str: 21    XL:     11   Next: 77%
Magic:  11/11      EV: 16    Int:  9    God:    Trog [*****.]
Gold:   365        SH:  2    Dex: 11    Spells: 10/10 levels left

rFire    + . .     SeeInvis +   p - +5 great sword (protect)
rCold    + . .     Gourm    .   (shield currently unavailable)
rNeg     . . .     Faith    .   (armour unavailable)
rPois    .         Spirit   .   (helmet restricted)
rElec    .         Reflect  .   d - +1 cloak
rCorr    .         Harm     .   (no gloves)
MR       ++...                  v - +0 pair of boots
Stlth    +.........             u - amulet of the acrobat
HPRegen  1.27/turn              t - ring of see invisible
MPRegen  0.12/turn              y - ring of protection from cold

@: short of breath, engulfed (cannot breathe), protection aura, regenerating,
lightly drained, very slow
A: breathe fire, unfitting armour, fire resistance 1, cold-blooded, AC +7
a: Breathe Fire, Berserk, Trog's Hand, Brothers in Arms, Renounce Religion


You were in a bailey.
You worshipped Trog.
Trog was extremely pleased with you.
You were hungry.

You visited 2 branches of the dungeon, and saw 11 of its levels.
You also visited: Bailey.

You collected 693 gold pieces.
You spent 328 gold pieces at shops.

Inventory:

Hand Weapons
 p - a +5 great sword of protection (weapon)
 x - a +5 rapier of speed
Armour
 d - a +1 cloak (worn)
 v - a +0 pair of boots (worn)
Jewellery
 t - a ring of see invisible (left hand)
 u - an amulet of the acrobat (around neck)
 w - the ring "Joisik" {Ice rPois Str-5 Int+4}
   (You found it on level 6 of the Dungeon)

   [ring of ice]

   It enhances your ice magic.
   It affects your strength (-5).
   It affects your intelligence (+4).
   It makes you vulnerable to fire.
   It protects you from cold.
   It protects you from poison.
 y - a ring of protection from cold (right hand)
Wands
 g - a wand of iceblast (7)
 B - a wand of digging (7)
Scrolls
 c - 6 scrolls of fear
 h - 6 scrolls of teleportation
 k - 7 scrolls of remove curse
 q - 3 scrolls of enchant armour
 s - a scroll of summoning
 A - a scroll of enchant weapon
 C - a scroll of blinking
Potions
 b - a potion of might
 i - a potion of flight {unknown}
 j - 7 potions of curing
 l - 4 potions of mutation
 m - 2 potions of haste {unknown}
 n - a potion of brilliance {unknown}
 o - a potion of resistance {unknown}
 r - a potion of agility {unknown}
 z - 2 potions of cancellation {unknown}
Comestibles
 a - 2 chunks of flesh
 e - 19 rations {!d}


   Skills:
 + Level 11.9(11.6) Fighting
 + Level 11.0(10.7) Long Blades
 + Level 4.7(4.5) Throwing
 + Level 10.2(9.9) Dodging


You had 10 spell levels left.
You didn't know any spells.
Your spell library contained the following spells:

 Spells                   Type           Power        Failure   Level  Hunger
 Throw Frost              Conj/Ice       #.....       24%         2    ####...
 Freeze                   Ice            #.....       38%         1    None
 Poisonous Vapours        Pois/Air       #.....       52%         2    ####...
 Conjure Flame            Conj/Fire      #.......     77%         3    #####..
 Mephitic Cloud           Conj/Pois/Air  #.......     77%         3    #####..
 Ozocubu's Armour         Chrm/Ice       #.......     77%         3    #####..
 Ice Form                 Ice/Tmut       #.......     99%         4    ######.
 Summon Ice Beast         Ice/Summ       #.......     99%         4    ######.
 Throw Icicle             Conj/Ice       #.......     99%         4    ######.
 Freezing Cloud           Ice/Air        #.........   100%        6    #######
 Steam Barrier            Chrm/Fire      #.........   100%        6    #######


Dungeon Overview and Level Annotations

Branches:
Dungeon (10/12)            Temple (1/1) D:7            Lair (0/6) D:7
    Orc (0/1) D:10

Altars:
Ashenzari
Cheibriados
Dithmenos
Elyvilon
Fedhas
Gozag
Hepliaklqana
Kikubaaqudgha
Lugonu
Makhleb
Nemelex Xobeh
Okawaru
Qazlal
Ru
Sif Muna
Trog
Uskayaw
Vehumet
Wu Jian
Xom
Yredelemnul
Zin
The Shining One

Shops:
D:5 ?   D:8 *   D:9 }


Innate Abilities, Weirdness & Mutations

You can breathe blasts of fire.
Your fiery red scales are hard. (AC +7)
You cannot fit into any form of body armour.
Your flesh is heat resistant. (rF+)
You are cold-blooded and may be slowed by cold attacks.


Message History

The deep elf mage is severely wounded.
The deep elf mage casts a spell at you. The torrent of water hits you!
* * * LOW HITPOINT WARNING * * *
You are knocked back by the torrent of water.
The wave splashes down.
Splash!
You fall into the shallow water.
Moving in this stuff is going to be slow.
The water elemental hits you.
* * * LOW HITPOINT WARNING * * *
The water elemental engulfs you in water!
No path to travel!
Evoke which item? (* to show all) (? for menu, Esc to quit)
Aiming: Iceblast
Press: ? - help, Shift-Dir - straight line, f - deep elf mage
Aim: a deep elf mage, wielding a +0 short sword (severely wounded)
The mass of ice explodes!
The iceblast engulfs the deep elf mage!
The deep elf mage is almost dead.
You die...

.. .e .###
###.
##...###...##
#.....#.....#
#.....#e....#
#...e.#.....#
#...4#....#
#####E#####
#....#E@≈.##
#...e.#.≈≈..#
#.....#.e∩..#
#.....#.....#
##...###...###
.######'##..##
..
##...##...)#
#.....#....#
#..∩..##..##


You could see an orange demon, 2 water elementals and 2 deep elf magi.

Vanquished Creatures
  Psyche (D:9)
  2 two-headed ogres
  Pikel (D:7)
  A cyclops (D:8)
  2 ugly things (D:10)
  2 deep elf magi (Bailey)
  An elephant (D:7)
  Joseph (D:7)
  A gargoyle (D:9)
  A komodo dragon (D:8)
  2 centaur skeletons
  2 trolls
  Prince Ribbit (D:9)
  2 hippogriffs
  5 yaks
  3 hogs (D:7)
  A human (D:7)
  2 basilisks (D:7)
  3 hungry ghosts
  3 wargs (D:10)
  Duvessa (D:7)
  2 orc warriors
  3 ice beasts
  3 sky beasts
  A phantom (D:4)
  A slave (D:7)
  4 centaurs
  5 ogres
  A big kobold (D:9)
  3 bullfrogs
  A wyvern zombie (D:7)
  Dowan (D:7)
  5 scorpions
  10 killer bees
  A wight (D:4)
  2 orc priests
  7 crimson imps
  A bullfrog zombie (D:8)
  3 hounds
  2 jellies (D:8)
  3 bullfrog skeletons
  An iguana (D:6)
  Terence (D:2)
  10 orc wizards
  14 worker ants
  A hound zombie (D:5)
  A hound skeleton (D:6)
  9 adders
  2 shadow imps
  An ooze (D:2)
  2 adder skeletons (D:6)
  5 worms
  3 leopard geckos
  23 orcs
  10 bats
  2 giant cockroaches
  6 goblins
  9 hobgoblins
  6 jackals
  16 kobolds
  A quokka (D:2)
  7 frilled lizards
  A jackal skeleton (D:5)
  5 rats
233 creatures vanquished.

Notes
Turn   | Place    | Note
-------+----------+-------------------------------------------
     0 | D:1      | KristoblXynda the Draconian Berserker began the quest for
                  | the Orb.
     0 | D:1      | Reached XP level 1. HP: 19/19 MP: 1/1
   204 | D:1      | Reached XP level 2. HP: 19/26 MP: 2/2
   895 | D:2      | Reached XP level 3. HP: 33/33 MP: 3/3
   953 | D:2      | Found a stormy altar of Qazlal.
  1009 | D:2      | Found a faded altar of an unknown god.
  1146 | D:2      | Reached ** piety under Trog
  1209 | D:2      | Noticed Terence
  1214 | D:2      | Killed Terence
  1215 | D:2      | Reached XP level 4. HP: 40/40 MP: 4/4
  1469 | D:2      | Noticed an ogre
  1474 | D:2      | Killed an ogre
  1475 | D:2      | Reached XP level 5. HP: 47/47 MP: 5/5
  2109 | D:3      | Reached skill level 5 in Fighting
  2125 | D:3      | Reached XP level 6. HP: 55/56 MP: 6/6
  2285 | D:3      | Found a white marble altar of Elyvilon.
  2522 | D:3      | Reached *** piety under Trog
  3091 | D:4      | Reached skill level 5 in Long Blades
  3308 | D:4      | Found a burning altar of Makhleb.
  3459 | D:4      | Your scales start taking on a fiery red colour.
  3459 | D:4      | Reached XP level 7. HP: 27/62 MP: 7/7
  3459 | D:4      | Gained mutation: Your flesh is heat resistant. (rF+) [Red
                  | Draconian growth]
  3635 | D:4      | Reached skill level 5 in Dodging
  4363 | D:5      | Entered Level 5 of the Dungeon
  4421 | D:5      | Reached XP level 8. HP: 63/71 MP: 8/8
  4903 | D:5      | Found a corrupted altar of Lugonu.
  4999 | D:5      | Found a basalt altar of Yredelemnul.
  5285 | D:5      | Found Cealejed's Magic Scroll Boutique.
  5294 | D:5      | Bought a scroll of brand weapon for 198 gold pieces
  5786 | D:6      | Found an iron altar of Okawaru.
  5786 | D:6      | Found a snail-covered altar of Cheibriados.
  5806 | D:6      | Reached **** piety under Trog
  5878 | D:6      | Got a sparkling pewter ring
  6099 | D:6      | Reached XP level 9. HP: 81/81 MP: 9/9
  6326 | D:7      | Noticed an elephant
  6349 | D:7      | Killed an elephant
  6443 | D:7      | Found a staircase to the Lair.
  6576 | D:7      | Identified the ring "Joisik" {Ice rPois Str-5 Int+4} (You
                  | found it on level 6 of the Dungeon)
  6803 | D:7      | Noticed Pikel
  6822 | D:7      | Killed Pikel
  7001 | D:7      | Found a staircase to the Ecumenical Temple.
  7018 | Temple   | Entered the Ecumenical Temple
  7395 | D:7      | Noticed Dowan
  7397 | D:7      | Noticed Duvessa
  7411 | D:7      | Killed Duvessa
  7412 | D:7      | Reached XP level 10. HP: 77/92 MP: 10/10
  7420 | D:7      | Killed Dowan
  7551 | D:7      | Noticed Joseph
  7559 | D:7      | Killed Joseph
  8087 | D:7      | Reached skill level 10 in Fighting
  8244 | D:8      | Noticed a two-headed ogre
  8245 | D:8      | Found Umedym's Assorted Antiques.
  8257 | D:8      | Killed a two-headed ogre
  8618 | D:8      | Noticed a cyclops
  8640 | D:8      | Reached skill level 1 in Throwing
  8651 | D:8      | Killed a cyclops
  8652 | D:8      | Reached skill level 10 in Long Blades
  8662 | D:8      | Reached ***** piety under Trog
  8878 | D:8      | Bought a copper ring for 130 gold pieces
  8957 | D:8      | Received a gift from Trog
  8958 | D:8      | Reached XP level 11. HP: 102/102 MP: 11/11
  9288 | D:9      | Noticed Psyche
  9301 | D:9      | Killed Psyche
  9561 | D:9      | Noticed Prince Ribbit
  9570 | D:9      | Killed Prince Ribbit
  9657 | D:9      | Found an ornate altar of the Wu Jian Council.
  9711 | D:9      | Found a hide-covered altar of Uskayaw.
  9736 | D:9      | Found Zubb's Gadget Boutique.
  9963 | D:9      | Found a hazy altar of Hepliaklqana.
 10065 | D:10     | Entered Level 10 of the Dungeon
 10081 | D:10     | Noticed a brown ugly thing
 10087 | D:10     | Killed a brown ugly thing
 10178 | D:10     | Noticed a brown ugly thing
 10180 | D:10     | Found a staircase to the Orcish Mines.
 10187 | D:10     | Killed a brown ugly thing
 10215 | D:10     | Reached skill level 10 in Dodging
 10242 | D:10     | Noticed a two-headed ogre
 10247 | D:10     | Killed a two-headed ogre
 10432 | D:10     | Found a flagged portal.
 10441 | Bailey   | Entered a bailey
 10448 | Bailey   | Noticed a deep elf mage
 10457 | Bailey   | Killed a deep elf mage
 10492 | Bailey   | Noticed a deep elf mage
 10493 | Bailey   | Noticed a deep elf mage
 10493 | Bailey   | Noticed a deep elf mage
 10493 | Bailey   | Noticed a deep elf mage
 10494 | Bailey   | Noticed a sixfirhy
 10495 | Bailey   | Noticed a deep elf mage
 10507 | Bailey   | Killed a deep elf mage
 10511 | Bailey   | HP: 5/104 [water elemental[a deep elf mage] (6)]
 10512 | Bailey   | Drowned by a water elemental

Skill      XL: |  1  2  3  4  5  6  7  8  9 10 11 |
---------------+----------------------------------+-----
Dodging        | 3 4 5 6 8 9 10 | 10.2
Fighting       | 4 5 6 8 9 11 | 11.9
Long Blades    | 4 5 6 7 8 10 11 | 11.0
Throwing       | 2 4 |  4.7

Action                   |  1- 3 |  4- 6 |  7- 9 | 10-12 || total
-------------------------+-------+-------+-------+-------++-------
Melee: Falchion          |   116 |   157 |   495 |     6 ||   774
       Tailslap          |    14 |    23 |    77 |    42 ||   156
       Rapier            |       |       |       |   201 ||   201
       Great sword       |       |       |       |   145 ||   145
Invok: Berserk           |     1 |     5 |     9 |     3 ||    18
       Trog's Hand       |       |       |       |     1 ||     1
 Abil: Breathe Fire      |       |       |     1 |     2 ||     3
Evoke: Wand              |       |       |       |     1 ||     1
  Use: Scroll            |     2 |     3 |     6 |     6 ||    17
       Potion            |       |       |     1 |     1 ||     2
 Stab: Sleeping          |       |     1 |     1 |       ||     2
       Distracted        |       |       |       |     1 ||     1
  Eat: Chunk             |     4 |    12 |    24 |    18 ||    58
       Ration            |       |     1 |     3 |     1 ||     5
Armor: Skin              |    26 |    36 |   138 |    78 ||   278
Dodge: Dodged            |    83 |    93 |   248 |   337 ||   761
Block: Other             |       |     1 |    14 |    20 ||    35
